 Dungeon Crawl Stone Soup version 0.22.1-1-ga44c0e5 (webtiles) character file.

7968 Folque the Destroyer (level 11, -5/67 HPs)
             Began as an Octopode Wizard on Oct 8, 2018.
             Was a High Priest of Sif Muna.
             Killed from afar by a manticore (24 damage)
             ... with a volley of spikes
             ... on level 11 of the Dungeon.
             The game lasted 01:25:45 (14763 turns).

Folque the Destroyer (Octopode Wizard)             Turns: 14763, Time: 01:25:46

Health: -5/67      AC:  1    Str:  7    XL:     11   Next: 23%
Magic:  1/32       EV: 15    Int: 25    God:    Sif Muna [*****.]
Gold:   721        SH:  0    Dex: 11    Spells: 7/27 levels left

rFire    . . .     SeeInvis .   Q - +5 falchion (curse)
rCold    . . .     Gourm    .   (no shield)
rNeg     + . .     Faith    .   a - +0 hat
rPois    .         Spirit   .   n - amulet of the acrobat
rElec    .         Reflect  .   x - +2 ring of intelligence
rCorr    +         Harm     .   I - ring of positive energy
MR       .....                  l - ring of resist corrosion
Stlth    +++.......             s - ring of magical power
HPRegen  0.21/turn              (no ring)
MPRegen  0.23/turn              (no ring)
                                (no ring)
                                (no ring)

@: barbed spikes, divine energy
A: almost no armour, stealthy swim, amphibious, 8 rings, constrict 8, camouflage
1, gelatinous body 1
a: Stop Divine Energy, Channel Magic, Forget Spell, Renounce Religion


You were on level 11 of the Dungeon.
You worshipped Sif Muna.
Sif Muna was extremely pleased with you.
You were not hungry.

You visited 1 branch of the dungeon, and saw 11 of its levels.
You also visited: Sewer.

You collected 721 gold pieces.

Inventory:

Hand Weapons
 b - a +0 dagger
 f - a +0 short sword
 g - a +0 whip of freezing
 r - a -2 falchion
 v - a +0 hunting sling
 D - a +2 hand axe of flaming
 K - a +0 great sword
 M - a cursed -2 quarterstaff
 Q - a cursed +5 falchion (weapon)
Missiles
 i - 32 sling bullets
 j - 37 poisoned needles
 y - 12 tomahawks (quivered)
Armour
 a - a +0 hat (worn)
Jewellery
 l - a ring of resist corrosion (on tentacle)
 n - an amulet of the acrobat (around mantle)
 o - an uncursed ring of fire
 p - an uncursed amulet of the gourmand
 s - a ring of magical power (on tentacle)
 x - a +2 ring of intelligence (left tentacle)
 I - a ring of positive energy (right tentacle)
 R - an uncursed ring of wizardry {unknown}
Wands
 e - a wand of flame (21)
 E - a wand of disintegration (10)
 N - a wand of digging (29)
Scrolls
 h - 2 scrolls of enchant armour {unknown}
 m - 4 scrolls of blinking {unknown}
 q - a scroll of teleportation
 u - 3 scrolls of remove curse
 w - a scroll of noise {unknown}
 B - 2 scrolls of fear {unknown}
 F - 3 scrolls of fog {unknown}
 G - a scroll of identify
 J - 2 scrolls of magic mapping {unknown}
 P - 2 scrolls of enchant weapon {unknown}
Potions
 d - a potion of degeneration
 t - a potion of magic {unknown}
 z - 2 potions of haste
 A - a potion of invisibility {unknown}
 C - a potion of mutation {unknown}
 H - 2 potions of cancellation
 L - a potion of flight {unknown}
 O - a potion of brilliance {unknown}
Comestibles
 c - 18 rations
 S - 5 chunks of flesh


   Skills:
 - Level 3.0 Fighting
 - Level 2.3 Maces & Flails
 - Level 2.5 Slings
 - Level 5.0 Dodging
 - Level 4.2 Stealth
 + Level 8.7 Spellcasting
 - Level 10.0 Conjurations
 * Level 1.2 Summonings
 - Level 1.0 Translocations
 - Level 4.8 Air Magic
 - Level 2.1 Poison Magic
 - Level 6.1 Invocations


You had 7 spell levels left.
You knew the following spells:

 Your Spells              Type           Power        Failure   Level  Hunger
a - Magic Dart            Conj           ####         1%          1    None
b - Call Imp              Summ           ###.....     5%          2    None
c - Blink                 Tloc           N/A          5%          2    None
d - Mephitic Cloud        Conj/Pois/Air  #####...     1%          3    None
e - Conjure Flame         Conj/Fire      #####...     2%          3    None
g - Iskenderun's Mystic   Conj           ######..     1%          4    ##.....
h - Lightning Bolt        Conj/Air       #####.....   8%          5    ####...

Your spell library contained the following spells:

 Spells                   Type           Power        Failure   Level  Hunger
 Flame Tongue             Conj/Fire      #####        1%          1    None
 Shock                    Conj/Air       ####         1%          1    None
 Searing Ray              Conj           ######       1%          2    None
 Static Discharge         Conj/Air       #####...     1%          3    None
 Dazzling Spray           Conj/Hex       #####.       2%          3    None
 Apportation              Tloc           ###...       3%          1    None
 Summon Small Mammal      Summ           ###.         3%          1    None
 Swiftness                Chrm/Air       ###.....     3%          2    None
 Animate Skeleton         Necr           N/A          5%          1    None
 Confusing Touch          Hex            ##....       5%          1    None
 Force Lance              Conj/Tloc      #####...     6%          4    ##.....
 Fulminant Prism          Conj/Hex       #####.....   7%          4    ##.....
 Throw Icicle             Conj/Ice       #####...     7%          4    ##.....
 Airstrike                Air            #####.....   8%          4    ##.....
 Ensorcelled Hibernation  Hex/Ice        ##....       9%          2    None
 Slow                     Hex            ##......     9%          2    None
 Summon Guardian Golem    Hex/Summ       ##......     13%         3    None
 Bolt of Draining         Conj/Necr      #####.....   21%         5    ####...
 Animate Dead             Necr           N/A          50%         4    ##.....
 Iron Shot                Conj/Erth      #####.....   73%         6    ######.
 Freezing Cloud           Conj/Ice/Air   #####.....   75%         6    ######.
 Spellforged Servitor     Conj/Summ      #####.....   99%         7    #######
 Chain Lightning          Conj/Air       #####.....   100%        8    #######


Dungeon Overview and Level Annotations

Branches:
Dungeon (11/15)            Temple (0/1) D:4            Lair (0/6) D:8
    Orc (0/2) D:9

Altars:
Dithmenos
Gozag
Kikubaaqudgha
Qazlal
Sif Muna
Trog
Uskayaw
Vehumet
Yredelemnul
Zin

Shops:
D:8 ?   D:11 %

Annotations:
D:6 exclusion: statue


Innate Abilities, Weirdness & Mutations

You cannot wear most types of armour.
You are very stealthy in the water. (Stealth+)
You are amphibious.
You can wear up to eight rings at the same time.
You can use your tentacles to constrict eight enemies at once.
Your skin changes colour to match your surroundings (Stealth+).
Your rubbery body absorbs attacks. (AC +1, EV +1)


Message History

You throw a tomahawk.
The tomahawk barely misses the manticore.
The manticore flicks its tail.
The volley of spikes hits you!
The barbed spikes become lodged in your body.
You feel better.
The manticore flicks its tail.
The volley of spikes hits you!
The barbed spikes become lodged in your body.
* * * LOW HITPOINT WARNING * * *
Evoke which item? (* to show all) (? for menu, Esc to quit)
Aiming: Disintegrate
Press: ? - help, Shift-Dir - straight line, f/p - manticore
Aim: a manticore (heavily wounded, chance to defeat MR: 48%)
The manticore is blasted.
You regain access to your magic.
The manticore flicks its tail.
The volley of spikes hits you!
The barbed spikes become lodged in your body.
You die...

######### ##^..#....
#############.###..###
#.............# #...##
#..########...###.....
#.....# ####.......#
#.###@####.####...>... #.#
#.......####...... ........#
#.##........∩)...(
..H..##...H.##.#.#####....._
###) #.##### # ###.... ..
#.# ##... ## #.. ##.. ...
#.. ### #..


You could see a manticore.

Vanquished Creatures
  Pikel (D:6)
  A gargoyle (D:10)
  A troll (D:10)
  A merfolk (D:10)
  Prince Ribbit (D:6)
  Grum (D:8)
  A hungry ghost (D:10)
  Edmund (D:5)
  A warg (D:8)
  5 orc warriors
  4 sky beasts
  3 necrophages
  An eye of draining (D:10)
  3 phantoms
  7 ogres
  2 centaurs (D:11)
  4 wolves (D:8)
  A crocodile (Sewer)
  2 big kobolds
  5 bullfrogs
  A wyvern skeleton (D:9)
  4 scorpions
  2 jellies (D:8)
  8 wights
  4 howler monkeys
  An electric eel (D:6)
  5 crimson imps
  3 centaur zombies
  2 bullfrog zombies (D:10)
  8 hounds
  4 orc priests
  6 orc wizards
  A bullfrog skeleton (D:10)
  2 centaur skeletons
  A gnoll shaman (D:8)
  Ijyb (D:5)
  2 iguanas
  6 worker ants
  A bullfrog simulacrum (D:10)
  2 hound skeletons
  A worker ant zombie (D:4)
  11 adders
  13 gnolls
  2 shadow imps
  2 oozes (D:4)
  3 adder skeletons
  A leopard gecko (D:6)
  24 orcs
  9 bats
  2 giant cockroaches (D:4)
  3 goblins
  4 hobgoblins
  2 jackals (Sewer)
  17 kobolds
  6 quokkas
  A ball python (D:5)
  3 frilled lizards
  A leopard gecko skeleton (D:4)
  2 quokka skeletons (D:6)
  9 rats
226 creatures vanquished.

Vanquished Creatures (collateral kills)
  A scorpion (D:5)
  A crimson imp (D:5)
  2 hounds
  A worker ant (D:5)
  A hound zombie (D:5)
  3 gnolls
  5 adders
  2 river rats (D:5)
  An ooze (D:5)
  5 worms
  2 orcs
  A giant cockroach (D:3)
  A hobgoblin (D:2)
  2 kobolds
  A frilled lizard (D:3)
  A rat (D:3)
30 creatures vanquished.

Vanquished Creatures (others)
  A slave (D:8)
  A phantom (D:10)
  An ogre (D:8)
  A hound (D:6)
  An iguana (D:8)
  A statue (D:6)
  2 orcs
8 creatures vanquished.

Grand Total: 264 creatures vanquished

Notes
Turn   | Place    | Note
-------+----------+-------------------------------------------
     0 | D:1      | Folque the Octopode Wizard began the quest for the Orb.
     0 | D:1      | Reached XP level 1. HP: 11/11 MP: 4/4
     2 | D:1      | Noticed a vampire
     4 | D:1      | Noticed a spriggan
     4 | D:1      | Noticed a minotaur
     6 | D:1      | Noticed a dwarf
     6 | D:1      | Noticed a ghoul
     8 | D:1      | Noticed an ogre
    10 | D:1      | Noticed a merfolk
    10 | D:1      | Noticed a human
    12 | D:1      | Noticed a demigod
    12 | D:1      | Noticed a naga
    14 | D:1      | Noticed a gargoyle
    14 | D:1      | Noticed a troll
    16 | D:1      | Noticed a formicid
    16 | D:1      | Noticed a felid
    18 | D:1      | Noticed an elf
    20 | D:1      | Noticed a centaur
    20 | D:1      | Noticed a halfling
    22 | D:1      | Noticed an octopode
    24 | D:1      | Noticed a demonspawn
    24 | D:1      | Noticed a tengu
    26 | D:1      | Noticed a draconian
    26 | D:1      | Noticed a vine stalker
    69 | D:1      | Reached skill level 1 in Fighting
    69 | D:1      | Reached XP level 2. HP: 12/18 MP: 1/6
   795 | D:1      | Learned a level 2 spell: Call Imp
   803 | D:1      | Learned a level 2 spell: Blink
   974 | D:2      | Reached XP level 3. HP: 19/24 MP: 5/7
   979 | D:2      | Learned a level 3 spell: Mephitic Cloud
  1127 | D:2      | Reached skill level 2 in Conjurations
  1425 | D:2      | Reached skill level 1 in Poison Magic
  1425 | D:2      | Reached XP level 4. HP: 29/29 MP: 5/8
  2548 | D:3      | Reached skill level 1 in Air Magic
  3413 | D:3      | Found a stormy altar of Qazlal.
  3504 | D:4      | Found an opulent altar of Gozag.
  3548 | D:4      | Found an ancient bone altar of Kikubaaqudgha.
  3592 | D:4      | Reached XP level 5. HP: 33/34 MP: 5/10
  3939 | D:4      | Found a deep blue altar of Sif Muna.
  3942 | D:4      | Became a worshipper of Sif Muna the Loreminder
  4372 | D:4      | Noticed an ogre
  4663 | D:4      | Found a staircase to the Ecumenical Temple.
  4841 | D:5      | Entered Level 5 of the Dungeon
  4861 | D:5      | Found a glowing drain.
  4879 | D:5      | Learned a level 3 spell: Conjure Flame
  4883 | Sewer    | Entered a sewer
  5159 | Sewer    | Noticed a crocodile
  5241 | Sewer    | Killed a crocodile
  5241 | Sewer    | Reached skill level 3 in Conjurations
  5241 | Sewer    | Reached XP level 6. HP: 36/39 MP: 1/11
  5693 | D:5      | Reached * piety under Sif Muna
  6128 | D:5      | Learned a level 2 spell: Searing Ray
  6128 | D:5      | Reached skill level 4 in Conjurations
  6472 | D:5      | Reached XP level 7. HP: 45/45 MP: 5/13
  6733 | D:5      | Noticed Ijyb
  6750 | D:5      | Killed Ijyb
  6835 | D:6      | Found a bloodstained altar of Trog.
  6843 | D:6      | Noticed Edmund
  6848 | D:6      | Noticed Prince Ribbit
  6911 | D:5      | Killed Edmund
  6911 | D:5      | Reached skill level 5 in Spellcasting
  7030 | D:6      | Reached skill level 5 in Conjurations
  7076 | D:6      | Killed Prince Ribbit
  7076 | D:6      | Reached XP level 8. HP: 46/50 MP: 0/16
  7603 | D:6      | Reached ** piety under Sif Muna
  7789 | D:6      | Found a radiant altar of Vehumet.
  7886 | D:6      | Noticed Pikel
  7911 | D:6      | Killed Pikel
  7911 | D:6      | Reached skill level 5 in Invocations
  7911 | D:6      | Reached XP level 9. HP: 6/54 MP: 7/18
  8397 | D:7      | Learned a level 4 spell: Iskenderun's Mystic Blast
  9522 | D:7      | Reached skill level 6 in Conjurations
 10309 | D:8      | Reached *** piety under Sif Muna
 10309 | D:8      | Reached skill level 7 in Conjurations
 10318 | D:8      | Learned a level 5 spell: Lightning Bolt
 10380 | D:8      | Found Qimae's Magic Scroll Boutique.
 10569 | D:8      | Reached XP level 10. HP: 42/63 MP: 0/21
 10685 | D:8      | Found a staircase to the Lair.
 10784 | D:8      | Reached skill level 1 in Maces & Flails
 10793 | D:8      | Reached skill level 8 in Conjurations
 11151 | D:8      | Noticed Grum
 11158 | D:8      | Killed Grum
 11446 | D:8      | Found a hide-covered altar of Uskayaw.
 11448 | D:8      | Found a basalt altar of Yredelemnul.
 11497 | D:9      | Identified Sif Muna's Almanac of Ensnaring Flight
 11772 | D:9      | Found a staircase to the Orcish Mines.
 11958 | D:8      | Reached **** piety under Sif Muna
 12324 | D:9      | Found a shadowy altar of Dithmenos.
 12346 | D:9      | Reached skill level 9 in Conjurations
 13202 | D:10     | Entered Level 10 of the Dungeon
 13366 | D:10     | Noticed a gargoyle
 13383 | D:10     | Killed a gargoyle
 13717 | D:10     | Reached XP level 11. HP: 67/67 MP: 6/23
 13736 | D:10     | Reached skill level 5 in Dodging
 14622 | D:11     | Found a glowing silver altar of Zin.
 14622 | D:11     | Found Xeew's Food Boutique.
 14634 | D:11     | Reached ***** piety under Sif Muna
 14698 | D:11     | Identified Sif Muna's Almanac of Excruciating Dark Rites
                  | (Sif Muna gifted it to you on level 11 of the Dungeon)
 14698 | D:11     | Received a gift from Sif Muna
 14698 | D:11     | Reached skill level 10 in Conjurations
 14738 | D:11     | Noticed a manticore
 14763 | D:11     | Killed from afar by a manticore

Skill      XL: |  1  2  3  4  5  6  7  8  9 10 11 |
---------------+----------------------------------+-----
Fighting       | 1 2 3 |  3.0
Conjurations   | 2 3 4 5 7 9 10 | 10.0
Poison Magic   | 1 2 |  2.1
Stealth        | 3 4 |  4.2
Air Magic      | 1 4 |  4.8
Spellcasting   | 4 5 6 7 8 |  8.7
Invocations    | 2 5 6 |  6.1
Dodging        | 3 4 5 |  5.0
Slings         | 2 |  2.5
Maces & Flails | 2 |  2.3
Summonings     | |  1.2
Translocations | |  1.0

Action                   |  1- 3 |  4- 6 |  7- 9 | 10-12 || total
-------------------------+-------+-------+-------+-------++-------
Melee: Dagger            |    21 |       |       |       ||    21
       Constrict         |     9 |    34 |    40 |    29 ||   112
       Tentacles         |     5 |    21 |    27 |    22 ||    75
       Short sword       |    27 |       |    33 |       ||    60
       Hunting sling     |       |    38 |       |       ||    38
       Falchion          |       |    86 |    55 |    49 ||   190
       Whip              |       |       |    78 |    58 ||   136
 Fire: Hunting sling     |       |    41 |    25 |     2 ||    68
Throw: Tomahawk          |       |     2 |     7 |    18 ||    27
       Throwing net      |       |     2 |       |     1 ||     3
 Cast: Magic Dart        |    16 |    42 |    36 |     9 ||   103
       Call Imp          |     5 |    38 |    22 |     1 ||    66
       Mephitic Cloud    |       |    12 |    46 |    12 ||    70
       Blink             |       |     5 |     9 |     1 ||    15
       Conjure Flame     |       |     1 |     8 |    12 ||    21
       Searing Ray       |       |       |    19 |       ||    19
       Iskenderun's Myst |       |       |    11 |    48 ||    59
       Lightning Bolt    |       |       |     2 |    51 ||    53
Invok: Divine Energy     |       |     1 |     3 |       ||     4
       Stop Divine Energ |       |     1 |     2 |       ||     3
       Channel Magic     |       |       |     1 |       ||     1
Evoke: Wand              |       |     4 |    12 |     3 ||    19
  Use: Scroll            |     3 |     3 |     6 |     2 ||    14
       Potion            |       |     2 |     5 |     2 ||     9
 Stab: Sleeping          |    14 |    10 |     3 |     1 ||    28
       Held in net/web   |       |     3 |       |       ||     3
       Distracted        |       |     1 |     2 |       ||     3
       Confused          |       |       |     9 |     2 ||    11
  Eat: Chunk             |     1 |    11 |    12 |    28 ||    52
       Ration            |       |     2 |     1 |     1 ||     4
Armor: Skin              |     5 |    15 |     5 |     1 ||    26
Dodge: Dodged            |    29 |   148 |   140 |    79 ||   396
       Rpst.: Falchion   |       |    24 |    11 |     8 ||    43
